[Event "*** Titled Tuesday 3|2 Blitz"]
[Site "Chess.com"]
[Date "2017.06.06"]
[Round "2"]
[White "kikydu96"]
[Black "bilelou"]
[Result "0-1"]
[WhiteElo "2308"]
[BlackElo "2392"]
[TimeControl "180+2"]
[EndTime "14:14:14 PDT"]
[Termination "bilelou won by checkmate"]

1. e4 c5 2. Nf3 d6 3. d4 cxd4 4.
Nxd4 Nf6 5. Nc3 a6 6. a3 g6 7.
Be2 Bg7 8. O-O O-O 9. f4 Nc6 10. Be3 Bd7 11. Qd2 Nxd4 12. Bxd4 Bc6 13. Bf3 e5 14. Be3 exf4 15. Bxf4 Re8 16. Rfe1 Qb6+ 17. Be3 Qc7 18. Bd4 Rad8 19. Nd5 Bxd5 20. exd5 Nd7 21. Bxg7 Kxg7 22. Qd4+ Ne5 23. c3 Rc8 24. Re2 Re7 25.
Rae1 Rce8 26. h3 f6 27. Kh1 b6 28. Re3 a5 29. Bd1 f5 30. Ba4 Rf8 31. Bb5 Qc5 32.
Qxc5 bxc5 33. R1e2 f4 34. Re4 g5 35. Ra4 Ra7 36.
Rae4 Kf6 37. a4 h5 38. h4 Re7 39. hxg5+ Kxg5 40. Kg1 h4 41. Kf2 f3 42. gxf3 Rxf3+ 43. Kg2 Rg3+ 44. Kh1 Rf7 45. Rg2 Ng4 46. Rxg3 hxg3 47.
Kg2 Rf4 48. Re6 Kh4 49. Re2 Nf6 50. Bc6 Rf5 51. Rd2 Nh5 52. Bd7 Re5 53. Kf3 Re1 54. Be6 Rf1+ 55. Kg2 Rf8 56. b4 Nf4+ 57. Kg1 cxb4 58.
cxb4 axb4 59. Rb2 Kg5 60. Rxb4 Ne2+ 61. Kg2 Rf2+ 62. Kh3 Rh2# 0-1

[Event "*** Titled Tuesday 3|2 Blitz"]
[Site "Chess.com"]
[Date "2017.06.06"]
[Round "2"]
[White "catalin009"]
[Black "Ar4uha"]
[Result "0-1"]
[WhiteElo "2307"]
[BlackElo "2415"]
[TimeControl "180+2"]
[EndTime "14:14:16 PDT"]
[Termination "Ar4uha won on time"]

1. c4 Nf6 2. Nc3 e6 3. d4 Bb4 4.
e3 O-O 5. Ne2 Re8 6. a3 Bf8 7.
Nf4 Nc6 8. Be2 e5 9. dxe5 Nxe5 10.
O-O d6 11. b3 Bf5 12. Bb2 g6 13. Nfd5 Nxd5 14. Nxd5 Bg7 15. Qd2 c6 16. Nc3 Qe7 17. Rad1 Rad8 18. e4 Bc8 19. f3 Qh4 20. Qe1 Qxe1 21. Rfxe1 f5 22. f4 Ng4 23. Bxg4 fxg4 24. Kf2 Re6 25. e5 Rde8 26. Rxd6 Rxd6 27. exd6 Bd4+ 28. Kf1 Rxe1+ 29. Kxe1 Kf7 30. Kd2 Bg1 31. Ne4 Bxh2 32. Ke3 Bg1+ 33. Ke2 h6 34. c5 Bf5 35. Nf2 g3 36. Nh1 Bxc5 37. Nxg3 Bxd6 38. Nxf5 gxf5 39. Kf3 Ke6 40. g4 Be7 41. Kg3 Bf6 42. Bc1 b5 43. g5 hxg5 44. fxg5 Be5+ 45. Kf3 c5 46. Ke3 c4 47. bxc4 bxc4 48. Ke2 Kd5 49. Kf3 c3 50. g6 Kc4 51. Bf4 Bxf4 52. g7 c2 53. g8=Q+ Kc3 54.
Qc8+ Kb2 55. Qb7+ Ka1 56. Qg7+ Ka2 57. Qg2 Kb1 58. Kxf4 c1=Q+ 59. Kxf5 Qxa3 60. Qb7+ Ka2 61. Kg5 Qc5+ 0-1

[Event "*** Titled Tuesday 3|2 Blitz"]
[Site "Chess.com"]
[Date "2017.06.06"]
[Round "2"]
[White "GeorgMeier"]
[Black "yurisolo"]
[Result "1-0"]
[WhiteElo "2789"]
[BlackElo "2457"]
[TimeControl "180+2"]
[EndTime "14:14:36 PDT"]
[Termination "GeorgMeier won by resignation"]

1. Nf3 d6 2. d4 g6 3. g3 Bg7 4.
Bg2 c5 5. c3 Qb6 6. a4 Nf6 7.
a5 Qc7 8. O-O O-O 9. dxc5 Qxc5 10. Be3 Qh5 11. Qa4 Bd7 12. Qh4 Qxh4 13. Nxh4 Nc6 14. h3 Rab8 15. Rd1 Rfc8 16. Kf1 Be6 17. Nf3 Nd5 18. Bc1 Nc7 19. Be3 Nd5 20. Bc1 Nc7 21.
Nbd2 Bh6 22. Ne4 Bxc1 23. Rdxc1 f6 24. Ne1 Kg7 25. Nd2 Bd5 26. f3 Bf7 27. h4 d5 28.
f4 e5 29. e3 Re8 30. Kf2 Re7 31.
Nd3 Rbe8 32. Re1 Ne6 33. b4 Nc7 34. Rac1 a6 35. Nc5 Nb5 36. c4 dxc4 37. Nxc4 Nxb4 38. Red1 Na2 39. Nb6 Nxc1 40. Rxc1 exf4 41. exf4 Nd4 42.
Bf1 Nb3 43. Nxb3 Bxb3 44. Rc3 Bf7 45. Rc5 h6 46. Rc3 Rd8 47. Rc2 Rd4 48. Bg2 Rb4 49. Nc8 Rd7 50. Nb6 Re7 51. Nc8 Re6 52. Bd5 Re8 53. Nd6 Rd8 54. Rc7 Rxd6 55. Bxf7 Kf8 56. Bxg6 Rd2+ 57. Kf3 Rb5 58. Kg4 Rdd5 59. f5 Rb3 60. Kh5 Rxg3 61. Rxb7 Rxa5 62. Kxh6 Rb5 63. Rf7+ Kg8 64. Rg7+ Kf8 65. Rf7+ Kg8 66. Rxf6 a5 67. Bh7+ Kh8 68. Rf8+ 1-0

[Event "*** Titled Tuesday 3|2 Blitz"]
[Site "Chess.com"]
[Date "2017.06.06"]
[Round "2"]
[White "GMHess"]
[Black "1stSecond"]
[Result "1-0"]
[WhiteElo "2604"]
[BlackElo "2496"]
[TimeControl "180+2"]
[EndTime "14:14:38 PDT"]
[Termination "GMHess won by checkmate"]

1. d4 Nf6 2. c4 e6 3. Nc3 Bb4 4.
Qc2 O-O 5. a3 Bxc3+ 6. Qxc3 d6 7. g3 Nbd7 8. Bg2 e5 9. Nf3 Re8 10. O-O Qe7 11. e3 Nb6 12. dxe5 dxe5 13. b3 e4 14. Nd4 Nbd7 15. Bb2 Ne5 16. Rad1 Bg4 17. Rd2 Rad8 18. h3 Bc8 19. Rfd1 Nd3 20. Ba1 Nc5 21.
g4 h6 22. Ne2 Nd3 23. Ng3 Nc5 24.
b4 Rxd2 25. Qxd2 Nb3 26. Bxf6 Qxf6 27. Qc2 Na1 28. Qb1 h5 29. Qxa1 Qg5 30. Nxh5 f6 31. Qd4 Kh8 32. Ng3 f5 33. gxf5 Bxf5 34. Qc5 g6 35. Rd5 c6 36. Rd6 Kh7 37. Nxf5 gxf5 38. Rd7+ Kg8 39. Qd6 Rf8 40. Qg3 Qxg3 41. fxg3 b5 42. c5 a5 43. Rd6 axb4 44. axb4 Ra8 45. Rxc6 Ra1+ 46. Kh2 Rb1 47. Rf6 Rxb4 48. Rxf5 Rc4 49.
c6 b4 50. Rb5 Kf7 51. c7 Kf6 52. Rxb4 Rxc7 53. Rxe4 Rc2 54. Rf4+ Kg5 55. h4+ Kh5 56.
Kh3 Kh6 57. g4 Re2 58. g5+ Kg6 59. Be4+ Kg7 60. Rf3 Re1 61. h5 Rg1 62. h6+ Kg8 63. h7+ Kg7 64. g6 Rh1+ 65. Kg2 Rh5 66. Rf7+ Kh6 67. h8=Q+ Kg5 68. Rf5+ Kg4 69. Qxh5# 1-0

[Event "*** Titled Tuesday 3|2 Blitz"]
[Site "Chess.com"]
[Date "2017.06.06"]
[Round "2"]
[White "tihanaivekovic223"]
[Black "Shivagami"]
[Result "0-1"]
[WhiteElo "1985"]
[BlackElo "1997"]
[TimeControl "180+2"]
[EndTime "14:14:39 PDT"]
[Termination "Shivagami won by checkmate"]

1. e4 Nc6 2. d4 e5 3. Nf3 exd4 4. Bc4 Nf6 5. O-O d5 6. exd5 Nxd5 7. Re1+ Be7 8. Bxd5 Qxd5 9. Nc3 Qd8 10. Nb5 Bg4 11. h3 Bxf3 12. Qxf3 O-O 13. Qg3 Rc8 14.
Bh6 Bf6 15. Rad1 a6 16. Na3 Qd5 17. c4 Qf5 18. Bf4 Qg6 19. Bxc7 Qxg3 20. Bxg3 Rfe8 21. c5 Nb4 22. Nc4 Rxe1+ 23. Rxe1 h6 24. Nd6 Rxc5 25. Re8+ Kh7 26. Nxf7 Kg6 27. Nh8+ Kh7 28. Nf7 d3 29. Bf4 Bxb2 30. h4 Kg6 31. Nd6 Bc1 32. Re6+ Kh7 33.
Ne4 Rc4 34. Bxc1 Rxc1+ 35. Kh2 Rc2 36. Rd6 Rxa2 37. Rd7 Re2 38. f3 a5 39. h5 Kg8 40.
Rxb7 d2 41. Rb8+ Kf7 42. Rb7+ Ke6 43. Rb6+ Kd5 44. Rd6+ Kc4 45. Nxd2+ Kc3 46. Ne4+ Kb2 47. Ra6 Re3 48. Rxa5 Re2 49. Rb5 Ka3 50. Kg3 Rc2 51. Rb7 Nd3 52. Rxg7 Ne1 53. Kh3 Re2 54. Rg6 Nd3 55. Nd6 Nf4+ 56. Kg4 Nxg6 57. Nc4+ Kb4 58. hxg6 Kxc4 59. Kh5 Rxg2 60. Kxh6 Kd5 61. Kh7 Ke6 62. g7 Kf7 63. Kh8 Rxg7 64. f4 Rg4 65. f5 Rh4# 0-1

[Event "*** Titled Tuesday 3|2 Blitz"]
[Site "Chess.com"]
[Date "2017.06.06"]
[Round "2"]
[White "ZEN-22"]
[Black "Ilja_Semjonovs"]
[Result "0-1"]
[WhiteElo "2377"]
[BlackElo "2235"]
[TimeControl "180+2"]
[EndTime "14:14:50 PDT"]
[Termination "Ilja_Semjonovs won by checkmate"]

1. e3 c5 2. Ne2 Nf6 3. d4 cxd4 4.
Nxd4 e5 5. Nf3 Nc6 6. c4 d5 7. Nc3 d4 8. exd4 exd4 9. Nb5 Bc5 10. Bd3 a6 11. Qe2+ Be6 12. Na3 O-O 13. O-O Re8 14.
Qd1 Bg4 15. Bf4 Nh5 16. h3 Bxh3 17. Bg5 f6 18. Bd2 Bg4 19. Qb1 Bxf3 20. Bxh7+ Kh8 21. gxf3 Ne5 22. Kg2 d3 23. Rh1 Kxh7 24. Rxh5+ Kg8 25. Qh1 Qd4 26. Be3 Qd6 27. Bf4 Qc6 28. Bxe5 fxe5 29. Rd1 e4 30. Rh8+ Kf7 31. Qh5+ Qg6+ 32. Qxg6+ Kxg6 33. Rxe8 Rxe8 34. fxe4 Rxe4 35. Rxd3 Bxa3 36.
bxa3 Rxc4 37. Rg3+ Kh7 38. Rb3 b5 39. Rb4 Rc6 40. a4 bxa4 41. Rxa4 Kg6 42. Kg3 Kf5 43. Ra5+ Ke4 44. f3+ Kd3 45. Ra3+ Kc2 46. Kf4 Kb2 47.
Ra5 Rf6+ 48. Kg4 Kc2 49. f4 Kb2 50. f5 g6 51. fxg6 Rxg6+ 52. Kf5 Rb6 53. Ke4 Rb4+ 54. Kd3 Rb6 55. Kd4 Kc2 56. Kc4 Rc6+ 57. Kb4 Kb2 58. a4 Rh6 59. Rd5 Rc6 60. Rd2+ Kc1 61. Rg2 Re6 62. Ka5 Kb1 63. Rh2 Ka1 64. Rh4 Ka2 65.
Rh3 Kb2 66. Kb4 Re4+ 67. Ka5 Re6 68. Rd3 Ka2 69. Rd7 Ka3 70. Rd3+ Kb2 71. Kb4 Re4+ 72.
Ka5 Re6 73. Rd4 Kb3 74. Rd5 Ka3 75. Rf5 Kb3 76. Rf3+ Kb2 77. Rf2+ Kb3 78. Rf4 Ka3 79.
Rf3+ Kb2 80. Rh3 Ka2 81. Kb4 Re4+ 82. Ka5 Re6 83. Rh2+ Kb3 84. Rh3+ Kb2 85. Rf3 Ka2 86. Rf8 Ka3 87. Rf5 Kb3 88. Rc5 Ka3 89. Rc3+ Kb2 90. Kb4 a5+ 91. Kxa5 Kxc3 92. Kb5 Re5+ 93. Kb6 Kb4 94. a5 Rxa5 95. Kb7 Rf5 96. Ka7 Rc5 97. Kb7 Kb5 98. Ka7 Rc7+ 99. Kb8 Kb6 100. Ka8 Rc8# 0-1

[Event "*** Titled Tuesday 3|2 Blitz"]
[Site "Chess.com"]
[Date "2017.06.06"]
[Round "2"]
[White "Setne007"]
[Black "FearlessKing64"]
[Result "1-0"]
[WhiteElo "2061"]
[BlackElo "2140"]
[TimeControl "180+2"]
[EndTime "14:14:58 PDT"]
[Termination "Setne007 won by resignation"]

1. d4 Nf6 2. Bf4 d5 3. e3 e6 4. Nf3 Bd6 5. c3 O-O 6. Nbd2 c5 7. Bd3 Nc6 8. Bg3 Qe7 9. Ne5 Bxe5 10. dxe5 Nd7 11. Nf3 f5 12. Bh4 Qe8 13. Bg3 c4 14. Bc2 b5 15. a3 Bb7 16. h4 a5 17. h5 b4 18. a4 Nc5 19. h6 g6 20. Nd4 Ne4 21. Bf4 g5 22. Bh2 bxc3 23. Bxe4 cxb2 24. Rb1 fxe4 25. Rxb2 Nb4 26. O-O Bc6 27. f4 Bxa4 28. Qg4 Bd7 29. Rbf2 Nd3 30. Ra2 a4 31. Qxg5+ Qg6 32. Qe7 Rf7 33. Qd6 Kh8 34. f5 exf5 35. e6 Rg8 36. g3 Be8 37. Kh1 Rf6 38. Qe7 Qxh6 39. Rf4 Qg6 40. Rh4 Qg7 41. Qd6 Nf2+ 42.
Kg2 Ng4 43. Re2 f4 44. exf4 e3 45. f5 c3 46. Nf3 c2 47. Rxc2 e2 48. Rxe2 Rxf5 49.
Ne5 Nxe5 50. Rxe5 Rg5 51. Rxg5 Qxg5 52. Rf4 Qg7 53. Qxd5 a3 54. Bg1 Rf8 55. Bd4 Rxf4 56. Bxg7+ Kxg7 57. Qg5+ Bg6 58. Qxf4 a2 59. Qa4 Bb1 60.
Qa3 Kf6 61. Qb2+ Kxe6 62. Kf3 Kf7 63. Kf4 Kg6 64. g4 h6 65. Qb6+ Kg7 66. Qa5 Kg6 67. Qb6+ Kg7 68. Qa7+ Kg6 69. Qa6+ Kg7 70. Qa5 Kg6 71.
Qc3 Kf7 72. Ke5 Kg6 73. Kf4 Kf7 74. Qe5 Kg6 75. Qe6+ Kg7 76. Qa6 Kf7 77. Kg3 Kg7 78.
Kh4 Kh7 79. Kh5 Kg7 80. Qxh6+ Kf7 81. Qa6 1-0

[Event "*** Titled Tuesday 3|2 Blitz"]
[Site "Chess.com"]
[Date "2017.06.06"]
[Round "2"]
[White "jcibarra"]
[Black "x-3738459472"]
[Result "0-1"]
[WhiteElo "2642"]
[BlackElo "2459"]
[TimeControl "180+2"]
[EndTime "14:15:17 PDT"]
[Termination "x-3738459472 won by resignation"]

1. e4 c5 2. Nf3 Nc6 3. d4 cxd4 4.
Nxd4 e5 5. Nb5 d6 6. N1c3 a6 7.
Na3 b5 8. Nd5 Nge7 9. Bg5 h6 10.
Bxb5 hxg5 11. Nxe7 axb5 12. Nxc6 Qd7 13. Nb4 Ra4 14.
c3 d5 15. exd5 Rxb4 16. cxb4 Bxb4+ 17. Kf1 Bb7 18. Qb3 Bxa3 19. bxa3 Bxd5 20. Qb4 Rh4 21. Qc3 Rc4 22. Qxe5+ Kf8 23. Rd1 Rc5 24. Qb8+ Ke7 25. Qe5+ Kf8 26. Qd4 Bc4+ 27. Kg1 Rd5 28. Qxd5 Bxd5 29.
h4 Qf5 30. hxg5 Qxg5 31. Rh2 g6 32. Re1 Kg7 33. Re3 Bxa2 34. Rhh3 Be6 35. Rhg3 Qd5 36. Rd3 Qa2 37. Rc3 Bc4 38. Rce3 Bd5 39. Rd3 Qb1+ 40.
Kh2 Bc4 41. Rc3 Qb2 42. Rcf3 Bd5 43. Rf4 Qe5 44. Rfg4 Be6 45. Rb4 Bc4 46. Rb1 Qf5 47. Rb2 Qh5+ 48. Kg1 Qd1+ 49. Kh2 f5 50. Rc3 Qd4 51.
Rbc2 Qe5+ 52. Kg1 Bd5 53. Re3 Qd4 54. Rc7+ Kf6 55. Rd7 f4 56. Rd6+ Kg7 57. Re7+ Kh6 58. Re8 Qd1+ 59. Kh2 Qh5+ 60. Kg1 Qg5 61. f3 Bxf3 62.
Rd2 Bc6 63. Re6 f3 64. Rc2 Bd5 65. Re1 fxg2 66. Rc3 Qh4 67. Rcc1 Qh1+ 68. Kf2 Qh2 69. Rg1 Qf4+ 70. Ke2 Qf3+ 71. Kd2 Be4 72. Ra1 Qd3+ 73. Ke1 Qe3+ 0-1

[Event "*** Titled Tuesday 3|2 Blitz"]
[Site "Chess.com"]
[Date "2017.06.06"]
[Round "2"]
[White "Rock700chess"]
[Black "GrigorGrigorov"]
[Result "0-1"]
[WhiteElo "2292"]
[BlackElo "2626"]
[TimeControl "180+2"]
[EndTime "14:15:24 PDT"]
[Termination "GrigorGrigorov won by resignation"]

1. e4 c5 2. Nf3 d6 3. d4 cxd4 4. Nxd4 Nf6 5. f3 e5 6. Nb3 a5 7. c4 a4 8. N3d2 Be7 9. Nc3 Qa5 10. Rb1 O-O 11. Be2 Bd8 12. O-O Bb6+ 13. Kh1 Nc6 14. Nd5 Bd8 15. Re1 Nd4 16. Nf1 Nxd5 17. cxd5 f5 18.
Be3 Bb6 19. Rc1 Bd7 20. Nd2 Qa7 21. Nc4 Bc5 22. Bg1 b5 23. Ne3 f4 24. Nc2 Nxc2 25.
Bxc5 Qxc5 26. Rxc2 Qb6 27. Qd2 Rf6 28. Rec1 Rh6 29.
Bf1 g5 30. Qf2 Qd8 31. Rc7 Rg6 32. Qb6 g4 33. Qb7 Rg7 34. Bxb5 Rb8 35. Rxd7 Rxb7 36.
Rxd8+ Kf7 37. Bd7 Ke7 38. Bc6 Kxd8 39. Bxb7 Rxb7 40. Rc2 Rb4 41. Kg1 Rd4 42. Kf2 h5 43. b3 axb3 44. axb3 Rd3 45. Rb2 Kc7 46. Ke2 Re3+ 47.
Kf2 Kb6 48. g3 Rxf3+ 49. Kg2 Re3 50. b4 Rxe4 51. gxf4 exf4 52. Rc2 Rxb4 53. Rc6+ Kb5 54. Rxd6 Rb2+ 55. Kf1 Rxh2 56. Rd8 Kc5 57. d6 Kc6 58. d7 Kc7 59. Rf8 Kxd7 60. Rxf4 g3 61. Kg1 h4 62. Re4 Kd6 63. Re8 Kd5 64. Re1 Rd2 65.
Re8 Rc2 66. Rh8 Rh2 67. Re8 Kd4 68. Re7 Kd3 69. Re6 Re2 70. Rh6 Re4 71. Kg2 Ke3 72. Rf6 Rf4 73. Re6+ Kd4 74. Re8 Rf2+ 75. Kg1 h3 76. Rd8+ Ke5 77. Re8+ Kd6 78. Rd8+ Ke7 79. Rg8 h2+ 80. Kh1 Rf1+ 81. Kg2 h1=Q+ 0-1

[Event "*** Titled Tuesday 3|2 Blitz"]
[Site "Chess.com"]
[Date "2017.06.06"]
[Round "2"]
[White "proxy6"]
[Black "ViIIagra"]
[Result "1/2-1/2"]
[WhiteElo "2303"]
[BlackElo "2590"]
[TimeControl "180+2"]
[EndTime "14:15:40 PDT"]
[Termination "Game drawn by agreement"]

1. e4 c5 2. Nf3 d6 3. d4 cxd4 4.
Nxd4 Nf6 5. Nc3 Nc6 6. Bg5 e6 7. Qd2 a6 8. O-O-O h6 9. Be3 Be7 10. f3 Nxd4 11. Bxd4 e5 12. Be3 Be6 13. Kb1 Rc8 14. g4 Qa5 15. a3 b5 16. Nd5 Qxd2 17.
Rxd2 Bxd5 18. exd5 Nd7 19. Bd3 Bg5 20. Re1 Bxe3 21.
Rxe3 g6 22. f4 Kd8 23. Rf2 exf4 24. Rxf4 Ne5 25. Rxe5 dxe5 26. Rxf7 Rc7 27. Rf6 Ra7 28. Bxg6 Rg8 29. Bf5 h5 30. h3 hxg4 31. hxg4 e4 32.
Re6 Re8 33. Bxe4 Rxe6 34. dxe6 Ke7 35. Bf5 Rc7 36. Kc1 Kf6 37. Kd2 Ke5 38. Ke3 a5 39. c3 Ra7 40. b3 Rc7 41. Kd3 Rc8 42. c4 b4 43. axb4 axb4 44. c5 Kd5 45. e7 Re8 46. Bd7 Rxe7 47. c6 Kc5 48. g5 Rg7 49. g6 Kd6 50.
Be8 Rc7 51. Kc4 Rc8 52. Bd7 Rg8 53. Kxb4 Rxg6 54. Ka5 Kc7 55. b4 Rg8 56. b5 Ra8+ 57.
Kb4 Kb6 58. Be6 Re8 59. Bd7 Re5 60. Kc4 Rc5+ 61. Kd4 Rg5 62. Kc4 Rxb5 63. Kd4 Rg5 64. Ke4 Kc7 65. Kf4 Rc5 66. Ke4 Kd6 67. Kd4 Rc1 68. Ke4 Rc4+ 69. Kf5 Rd4 70. Be8 Rd5+ 71. Kf4 Rd4+ 72. Kf5 Rd1 73. Bd7 Rd2 74. Ke4 Rd1 75. Kf5 Re1 76. Kf4 Re7 77. Kf5 Re1 78. Kf4 Rc1 79.
Ke4 Rd1 80. Kf5 Ke7 81. Ke5 Ra1 82. Kd5 Ra5+ 83. Ke4 Kd6 84. Kf4 Ra4+ 85. Kf5 1/2-1/2

[Event "*** Titled Tuesday 3|2 Blitz"]
[Site "Chess.com"]
[Date "2017.06.06"]
[Round "2"]
[White "cukus"]
[Black "igorkovalenko"]
[Result "1/2-1/2"]
[WhiteElo "2442"]
[BlackElo "2633"]
[TimeControl "180+2"]
[EndTime "14:16:05 PDT"]
[Termination "Game drawn by repetition"]

1. d4 Nf6 2. Nf3 d5 3. Bf4 e6 4.
e3 Nh5 5. Bg5 Be7 6. Bxe7 Qxe7 7.
c4 c6 8. Nc3 Nd7 9. Be2 Nhf6 10. O-O O-O 11. Qc2 Rd8 12. Rac1 b6 13. cxd5 exd5 14.
Rfd1 Bb7 15. Bd3 c5 16. Bf5 Nf8 17. dxc5 bxc5 18. Na4 g6 19. Qxc5 Qe8 20. Bc2 Ne6 21. Qb4 Rab8 22. Qh4 Ne4 23. Bb3 Ba8 24. Nc3 Nxc3 25. Rxc3 d4 26. exd4 Bxf3 27. Rxf3 Rb4 28. Bxe6 fxe6 29. b3 e5 30. Qg5 Rbxd4 31. Re1 R8d5 32.
Rfe3 Rd2 33. h3 Qf8 34. Qg3 Qf4 35. Qxf4 exf4 36. Re7 Rd7 37. Rxd7 Rxd7 38. Kf1 Kf7 39.
Re4 g5 40. Ke2 Kf6 41. Ra4 Rc7 42. Kd3 Rd7+ 43. Ke2 Rc7 44. Rc4 Rd7 45. Rc5 h6 46. b4 Rd6 47. a3 a6 48. a4 Kg6 49.
b5 axb5 50. axb5 Kh5 51. Rc1 Rb6 52. Rb1 g4 53. hxg4+ Kxg4 54. Kd3 f3 55. gxf3+ Kxf3 56. Kc4 Kxf2 57. Kc5 Rb8 58. Rh1 Rh8 59. b6 h5 60.
b7 h4 61. Rxh4 Rxh4 62. b8=Q Re4 63. Kd5 Rg4 64. Qb3 Ke2 65. Ke5 Kf2 66. Qd3 Rh4 67.
Kf5 Rh7 68. Qd2+ Kf3 69. Qc3+ Kf2 70. Kg4 Rd7 71. Qc2+ Ke3 72. Qc5+ Rd4+ 73. Kf5 Kd3 74. Ke5 Re4+ 75. Kd5 Rf4 76. Qa3+ Ke2 77. Ke5 Rg4 78. Qc3 Kf2 79. Kf5 Rh4 80. Qd3 Rh7 81. Qc3 Rh4 82.
Kg5 Re4 83. Qd3 Re8 84. Qc3 Re4 85.
Kf5 Rh4 1/2-1/2

[Event "*** Titled Tuesday 3|2 Blitz"]
[Site "Chess.com"]
[Date "2017.06.06"]
[Round "2"]
[White "Squirlolz"]
[Black "Grebeniuk-S"]
[Result "1-0"]
[WhiteElo "2292"]
[BlackElo "2419"]
[TimeControl "180+2"]
[EndTime "14:17:36 PDT"]
[Termination "Squirlolz won by checkmate"]

1. e4 c5 2. Nf3 d6 3. d4 cxd4 4.
Nxd4 Nf6 5. Nc3 g6 6. Be2 Bg7 7.
Be3 O-O 8. Qd2 Nc6 9. O-O-O Ng4 10. Bxg4 Bxg4 11. f3 Be6 12. Nxe6 fxe6 13. Bh6 Qa5 14. Bxg7 Kxg7 15. h4 h6 16. Kb1 Rac8 17. Ne2 Qxd2 18. Rxd2 Ne5 19. Nd4 Rf6 20. b3 Nc6 21. c4 Nxd4 22.
Rxd4 Rc5 23. Kb2 a5 24. a3 Rf8 25. b4 Rc7 26. Kb3 Ra8 27. h5 g5 28. Rc1 axb4 29.
axb4 Kf6 30. c5 Rac8 31. Rdc4 dxc5 32. Rxc5 Rxc5 33. Rxc5 Rd8 34. Kc3 Rd1 35. Rb5 Rg1 36. g4 Rg3 37. Kd4 Rxf3 38. Rxb7 Rf4 39. b5 Rxg4 40.
b6 Rg1 41. Rb8 Rb1 42. Kc5 Rc1+ 43. Kb5 Rb1+ 44. Kc6 Rc1+ 45. Kb7 Ke5 46. Rh8 g4 47. Rxh6 g3 48. Rg6 Kf4 49. h6 Kf3 50. Ka7 Ra1+ 51. Kb8 g2 52. b7 Rh1 53. Kc7 Rc1+ 54. Kd7 Rb1 55. h7 Rxb7+ 56. Kc8 Ra7 57. Kb8 Ra1 58. h8=Q g1=Q 59. Rxg1 Rxg1 60. Qe5 Re1 61. Qxe6 Rxe4 62. Qf5+ Ke3 63. Kc7 Kd4 64. Kc6 Re3 65. Qd5+ Kc3 66. Qc5+ Kd3 67. Kd5 e6+ 68. Kd6 Ke2 69. Qg5 Kd3 70.
Qf4 Re4 71. Qf3+ Re3 72. Qf1+ Kd4 73. Qd1+ Kc3 74. Qc1+ Kd3 75. Qa3+ Ke2 76. Qb2+ Kf3 77. Qd2 Re2 78. Qd3+ Re3 79. Qf1+ Kg3 80. Qg1+ Kf3 81.
Kc5 Re4 82. Qh1+ Ke3 83. Qg2 Kf4 84. Qf2+ Kg4 85. Qf6 Kg3 86. Kd6 Kg4 87. Ke7 Kg3 88. Qf1 Kg4 89. Qg2+ Kf4 90. Kf6 Ke3 91. Qg3+ Kd4 92.
Qf2+ Kd3 93. Qf1+ Kd4 94. Qd1+ Ke3 95. Qc2 Kf3 96. Kg5 Rg4+ 97. Kf6 Re4 98. Qd3+ Kf4 99.
Qc3 Re3 100. Qc1 Kf3 101. Qd2 Re4 102. Qd3+ Kf4 103. Qf1+ Ke3 104. Kg5 Kd4 105. Qf3 Ke5 106. Qd3 Rd4 107. Qe3+ Re4 108. Qc5# 1-0

[Event "*** Titled Tuesday 3|2 Blitz"]
[Site "Chess.com"]
[Date "2017.06.06"]
[Round "2"]
[White "AdrianaNikolova"]
[Black "Paul66666"]
[Result "0-1"]
[WhiteElo "2317"]
[BlackElo "2566"]
[TimeControl "180+2"]
[EndTime "14:17:47 PDT"]
[Termination "Paul66666 won by resignation"]

1. e4 c5 2. Nf3 d6 3. d4 Nf6 4.
Nc3 cxd4 5. Nxd4 Nc6 6. Bg5 e6 7. Qd2 a6 8. f4 h6 9. Bh4 Nxe4 10. Nxe4 Qxh4+ 11. g3 Qd8 12. O-O-O d5 13. Nc3 Bb4 14.
a3 Ba5 15. Nb3 Bb6 16. f5 O-O 17. Bh3 d4 18. Ne2 e5 19. g4 a5 20. Qd3 Qd5 21. c4 Qd8 22. Ng3 Qh4 23. Nh5 e4 24. Qg3 Qg5+ 25. Kb1 e3 26. c5 a4 27. Nxd4 Nxd4 28.
cxb6 Nxf5 29. gxf5 Qxh5 30. Rhg1 Bxf5+ 31. Bxf5 Qxf5+ 32. Ka1 g6 33. Qxe3 Kh7 34. Rdf1 Qe6 35. Qc5 Rac8 36. Qb4 Rfe8 37. Qxa4 Rc6 38. Qb4 Rxb6 39. Rxf7+ Qxf7 40. Qxb6 Re2 41. Rc1 Rf2 42. Rd1 Rf1 43. Rxf1 Qxf1+ 44. Ka2 Qf7+ 45. Kb1 h5 46. a4 g5 47. Qb5 g4 48.
Ka1 Kg6 49. Qd3+ Qf5 50. Qd6+ Qf6 51. Qd3+ Kg5 52. Qe3+ Kg6 53. Qd3+ Kh6 54. Qe3+ Kg7 55. Qc5 Qf1+ 56. Ka2 Qf7+ 57. Ka1 Kg6 58. Qc2+ Qf5 59. Qc7 h4 60. Qxb7 g3 61. hxg3 hxg3 62. Qb6+ Kg5 63.
Qe3+ Kg4 64. Qe2+ Qf3 65. Qe6+ Kf4 66. Qf7+ Ke3 67. Qb3+ Kf2 68. Qc2+ Kg1 69. Qc5+ Qf2 70. Qg5 g2 71. a5 Kf1 72. Qb5+ Qe2 73. Qf5+ Ke1 74. Qg5 Qf1 75. Qe5+ Kf2+ 76. Ka2 g1=Q 77. Qf4+ Ke1 78. Qc1+ Ke2 79. Qc2+ Kf3 80. Qf5+ Ke3 81. Qe5+ Kd2 82. Qc3+ Kd1 83. Qb3+ Ke1 84. Qc3+ Kf2 85. Qd4+ Kf3 86. Qf6+ Kg2 87. Qg5+ Kh1 88. Qh4+ Qh2 89.
Qe4+ Qhg2 90. Qh4+ Kg1 91. Qd4+ Qff2 92. Qd1+ Kh2 93.
Qh5+ Qh3 94. Qe5+ Qhg3 95. Qh5+ Kg2 96. Qd5+ Qff3 97. Qd2+ Kh3 98. Qh6+ Qh4 99. Qe6+ Qhg4 100. Qh6+ Kg2 101. Qd2+ Qe2 102. Qd5+ Qee4 103. Qd2+ Kh3 104. Qh6+ Kg3 105. Qd6+ Qgf4 106. Qa3+ Kh2 107. a6 Qa4 108. a7 Qfc4+ 109. Kb1 Qxa3 110. bxa3 Qb3+ 111. Kc1 Qxa3+ 0-1

[Event "*** Titled Tuesday 3|2 Blitz"]
[Site "Chess.com"]
[Date "2017.06.06"]
[Round "3"]
[White "tigra"]
[Black "Paul66666"]
[Result "1-0"]
[WhiteElo "2612"]
[BlackElo "2545"]
[TimeControl "180+2"]
[EndTime "14:19:26 PDT"]
[Termination "tigra won by resignation"]

1. e4 c5 2. Nf3 d6 3. d4 Nf6 4. Nc3 cxd4 5. Nxd4 Nc6 6. Bg5 e6 7. Qd2 a6 8. O-O-O h6 9. Bf4 Bd7 10. Nb3 e5 11. Be3 Ke7 1-0

[Event "*** Titled Tuesday 3|2 Blitz"]
[Site "Chess.com"]
[Date "2017.06.06"]
[Round "3"]
[White "ArnaudovP"]
[Black "joppie2"]
[Result "1-0"]
[WhiteElo "2416"]
[BlackElo "2611"]
[TimeControl "180+2"]
[EndTime "14:20:01 PDT"]
[Termination "ArnaudovP won by resignation"]

1. Nf3 Nf6 2. c4 g6 3. Nc3 Bg7 4. e4 d6 5. d4 O-O 6. h3 e5 7. d5 a5 8. g4 Na6 9. Be3 Nc5 10. Nd2 c6 11. Be2 cxd5 12. cxd5 Bd7 13. a4 Rc8 14. g5 Nh5 15. Bxh5 gxh5 16. Qxh5 Nd3+ 17. Ke2 Nxb2 18. Rhc1 Qb6 19. Bxb6 1-0

[Event "*** Titled Tuesday 3|2 Blitz"]
[Site "Chess.com"]
[Date "2017.06.06"]
[Round "3"]
[White "MyleneFarmer"]
[Black "Indianlad"]
[Result "0-1"]
[WhiteElo "2376"]
[BlackElo "2584"]
[TimeControl "180+2"]
[EndTime "14:21:30 PDT"]
[Termination "Indianlad won by resignation"]

1. e4 c5 2. Nf3 d6 3. d4 cxd4 4.
Qxd4 Bd7 5. c4 Nc6 6. Qe3 g6 7. Nc3 Bg7 8. Be2 Nf6 9. O-O O-O 10. h3 Rc8 11. Rb1 a6 12. Rd1 Qa5 13. Bd2 Ne5 14. Nd5 Nxd5 15. exd5 Nxf3+ 16. Bxf3 Qxa2 17. Qxe7 Bf5 18. Ra1 Qxb2 19. Qxb7 Qxb7 0-1

[Event "*** Titled Tuesday 3|2 Blitz"]
[Site "Chess.com"]
[Date "2017.06.06"]
[Round "3"]
[White "josiwales"]
[Black "Drags95"]
[Result "0-1"]
[WhiteElo "2319"]
[BlackElo "2518"]
[TimeControl "180+2"]
[EndTime "14:22:04 PDT"]
[Termination "Drags95 won by resignation"]

1. e4 c5 2. Nc3 Nc6 3. g3 g6 4.
Bg2 Bg7 5. d3 e6 6. Be3 Nd4 7.
Qd2 Ne7 8. Nd1 d6 9. c3 Ndc6 10. Bh6 O-O 11. h4 Bxh6 12. Qxh6 f6 13. Qd2 e5 14. h5 g5 15. h6 Ng6 16. Ne3 Nce7 17.
Ne2 Rb8 18. c4 b5 19. Nc3 b4 20. Ncd5 Be6 21. O-O Kh8 22. f4 Bxd5 23. Nxd5 Nxd5 24.
cxd5 gxf4 25. gxf4 Nxf4 26. Rxf4 exf4 27. Qxf4 Rg8 28.
Kf2 Qe7 29. Bh3 Qe5 30. Qxe5 fxe5 31. Bf5 Rg5 32. Rh1 Rbg8 33. Rh2 Rg1 34. Kf3 R1g3+ 0-1

[Event "*** Titled Tuesday 3|2 Blitz"]
[Site "Chess.com"]
[Date "2017.06.06"]
[Round "3"]
[White "Frolik67"]
[Black "jeaston1"]
[Result "1-0"]
[WhiteElo "2315"]
[BlackElo "2140"]
[TimeControl "180+2"]
[EndTime "14:22:13 PDT"]
[Termination "Frolik67 won by resignation"]

1. e4 c5 2. Nf3 Nc6 3. Bb5 e6 4. Bxc6 bxc6 5. O-O d5 6. Re1 Nf6 7.
Nc3 Be7 8. e5 Nd7 9. d3 O-O 10.
Bf4 Rb8 11. b3 Qa5 12. Ne2 Ba6 13. Ng3 c4 14. dxc4 Bb4 15. Re3 Nb6 16. cxd5 Nxd5 17. Re4 Nc3 18. Qd4 Rfd8 19. Qe3 Nxe4 20. Nxe4 Be7 21.
h4 c5 22. h5 Bb7 23. h6 Bxe4 24. Qxe4 Qb4 25. c4 Qc3 26. Rc1 Qd4 27. Nxd4 Rxd4 28. Qf3 g6 29. Be3 Rd3 30. Rd1 Rbd8 31. Rxd3 1-0

[Event "*** Titled Tuesday 3|2 Blitz"]
[Site "Chess.com"]
[Date "2017.06.06"]
[Round "3"]
[White "Ilja_Semjonovs"]
[Black "CM_Perligero"]
[Result "1-0"]
[WhiteElo "2239"]
[BlackElo "2058"]
[TimeControl "180+2"]
[EndTime "14:22:19 PDT"]
[Termination "Ilja_Semjonovs won by resignation"]

1. e4 c5 2. Nf3 d6 3. d4 cxd4 4.
Nxd4 a6 5. Nc3 g6 6. Be3 Bg7 7. Qd2 Nc6 8. O-O-O Bd7 9. f3 b5 10. Kb1 Ne5 11. f4 Nc4 12. Bxc4 bxc4 13. Nf3 Rb8 14. Bd4 Nf6 15. e5 Ng4 16. e6 Bxe6 17. Bxg7 Rg8 18.
Bd4 Qa5 19. h3 Qb4 20. Ne4 Qb5 21. hxg4 1-0